 Dungeon Sprint DCSS version 0.20.0-15-g7f486f2 (webtiles) character file.

22533 Naow the Axe Maniac (level 12, -3/186 HPs)
             Began as a Minotaur Berserker on June 14, 2017.
             Was the Champion of Trog.
             Slain by a hornet (13 damage)
             ... in the Dungeon (Sprint IX: "|||||||||||||||||||||||||||||").
             The game lasted 00:06:48 (3348 turns).

Naow the Axe Maniac (Minotaur Berserker)            Turns: 3348, Time: 00:06:49

Health: -3/186     AC: 18    Str: 32    XL:     12   Next: 63%
Magic:  11/11      EV: 10    Int:  7    God:    Trog [******]
Gold:   1207       SH:  0    Dex: 16    Spells: 11/11 levels left

rFire    . . .     SeeInvis .   x - +6 executioner's axe (venom)
rCold    . . .     Gourm    .   (shield currently unavailable)
rNeg     . . .     Faith    .   H - +5 plate armour {rPois}
rPois    +         Spirit   .   (helmet restricted)
rElec    .         Reflect  .   o - +0 cloak
rCorr    .         Harm     .   D - +0 pair of fencer's gloves {+Riposte Dex+3}
MR       .....     NoTele   +   (no boots)
Stlth    ..........             (no amulet)
Regen    0.5/turn               r - +3 ring of dexterity
MPRegen  0.2/turn               s - +3 ring of intelligence

@: berserking (expiring), lethally poisoned (-3 -> -12), corroded, very quick
A: retaliatory headbutt, horns 2
a: Berserk, Trog's Hand, Brothers in Arms, Burn Spellbooks, Renounce Religion


You were in the Dungeon.
You worshipped Trog.
Trog was exalted by your worship.
You were hungry.

You visited 1 branch You collected 1927 gold pieces.
You spent 720 gold pieces at shops.

Inventory:

Hand Weapons
 a - a +0 hand axe
 n - a +3 war axe of chopping
 t - a +1 antimagic battleaxe
 x - a +6 executioner's axe of venom (weapon)
 y - a +2 antimagic battleaxe
 I - the +4 battleaxe of Trog's Hatred {venom, rF++ rN+ Dex-5}
   (Trog gifted it to you in the Dungeon)

   It poisons the flesh of those it strikes.
   It affects your dexterity (-5).
   It greatly protects you from fire.
   It protects you from negative energy.
Armour
 b - a +0 animal skin
 o - a +0 cloak (worn)
 p - a +0 pair of gloves
 q - a +1 scale mail
 D - the +0 pair of fencer's gloves (worn) {+Riposte Dex+3}
   (You bought it in a shop in the Dungeon)

   It affects your dexterity (+3).
 G - a +3 scale mail
 H - a +5 plate armour of poison resistance (worn)
Jewellery
 r - a +3 ring of dexterity (left hand)
 s - a +3 ring of intelligence (right hand)
 E - an uncursed ring of ice
 F - an uncursed ring of protection from fire
Wands
 m - a wand of iceblast (7/15)
Scrolls
 i - 2 scrolls of blinking
 j - 2 scrolls of recharging
 l - 4 scrolls of remove curse
 u - 2 scrolls of identify
 v - 6 scrolls of enchant weapon
Potions
 d - 8 potions of curing
 e - 9 potions of heal wounds
 f - 2 potions of haste
 g - 6 potions of magic
 h - 2 potions of berserk rage
 k - a potion of invisibility
 z - a potion of might {unknown}
Comestibles
 c - 13 bread rations
 A - a royal jelly
 B - 40 fruits
 C - 11 meat rations


   Skills:
 - Level 16.4 Fighting
 O Level 27 Axes
 + Level 17.3 Armour
 - Level 2.1 Dodging


You had 11 spell levels left.
You didn't know any spells.

Dungeon Overview and Level Annotations

Branches:
Dungeon (1/1)

Altars:
Cheibriados
Dithmenos
Elyvilon
Fedhas
Gozag
Hepliaklqana
Kikubaaqudgha
Makhleb
Nemelex Xobeh
Okawaru
Qazlal
Ru
Sif Muna
Trog
Uskayaw
Vehumet
Xom
Yredelemnul
Zin
The Shining One
Beogh
Jiyva
Lugonu

Shops:
D [[%?


Innate Abilities, Weirdness & Mutations

You reflexively headbutt those who attack you in melee.
You have a pair of horns on your head.


Message History

You hit the emperor scorpion but do no damage.
You headbutt the emperor scorpion!!
The emperor scorpion is almost dead.
* * * LOW HITPOINT WARNING * * *
You feel sick.
You kill the emperor scorpion!
Trog accepts your kill.
Your Armour skill increases to level 17!
You miss the hornet. Your headbutt misses the hornet.
* * * LOW HITPOINT WARNING * * *
You feel sick.
The hornet stings you but does no damage.
You are too berserk!
You closely miss the hornet.
* * * LOW HITPOINT WARNING * * *
You feel sick. The hornet barely misses you.
You riposte.
You hit the hornet.
The hornet is poisoned.
The hornet is lightly wounded.
The hornet stings you!
You die...

))))).........))(()...(.........▓
▓▓▓▓▓▓▓▓▓▓▓▓▓▓▓▓▓▓▓▓▓▓▓▓▓▓▓▓▓▓▓▓▓
....))..........................▓
▓▓▓▓▓▓▓▓▓▓▓▓▓▓▓▓▓▓▓▓▓▓▓▓▓▓▓▓▓▓▓.▓
[[[.[[[[.))))))))...=='.........▓
▓▓▓▓▓▓▓▓▓▓▓▓▓▓▓▓▓▓▓▓▓▓▓▓▓▓▓▓▓▓▓▓▓
................................▓
▓▓▓▓▓▓▓▓▓▓▓▓▓▓▓▓▓▓▓▓▓▓▓▓▓▓▓▓▓▓▓.▓
...sysy@)..............▓
▓▓▓▓▓▓▓▓▓▓▓▓▓▓▓▓▓▓▓▓▓▓▓▓


You could see a moth of wrath, 2 orb spiders and a hornet (berserk).

Vanquished Creatures
  An emperor scorpion (D)
  An entropy weaver (D)
  A stone giant (D)
  An ettin (D)
  A yaktaur captain (D)
  Erolcha (D)
  A centaur warrior (D)
  A hydra (D)
  A deep troll shaman (D)
  A two-headed ogre (D)
  A deep troll earth mage (D)
  4 orc high priests (D)
  A skeletal warrior (D)
  An orc knight (D)
  2 lindwurms (D)
  2 ugly things (D)
  A wolf spider (D)
  3 orc sorcerers (D)
  An elephant (D)
  A black mamba (shapeshifter) (D)
  Psyche (D)
  4 spiny frogs (D)
  A kobold demonologist (D)
  2 komodo dragons (D)
  A yaktaur (D)
  A demonic crawler (D)
  2 tyrant leeches (D)
  A hornet (D)
  A redback (D)
  A yak (D)
  4 basilisks (D)
  A hungry ghost (D)
  An acid dragon (D)
  2 water moccasins (D)
  2 porcupines (D)
  12 orc warriors (D)
  An eye of draining (D)
  A sky beast (D)
  A phantom (D)
  3 bullfrogs (D)
  A scorpion (D)
  A hound (D)
  3 jellies (D)
  2 orc priests (D)
  A worker ant (D)
  An orc wizard (D)
  A gnoll (D)
  4 worms (D)
  9 orcs (D)
  A goblin (D)
  A kobold (D)
  A ball python zombie (D)
  A bat (D)
  A frilled lizard (D)
  A jackal zombie (D)
  A leopard gecko skeleton (D)
  A rat (D)
101 creatures vanquished.

Vanquished Creatures (collateral kills)
  An orc knight (D)
  An orc warrior (D)
  2 orc wizards (D)
  2 orcs (D)
6 creatures vanquished.

Vanquished Creatures (others)
  An orc (D)
1 creature vanquished.

Grand Total: 108 creatures vanquished

Notes
Turn   | Place    | Note
-------+----------+-------------------------------------------
     0 | D        | Naow the Minotaur Berserker began the quest for the Orb.
     0 | D        | Reached XP level 1. HP: 19/19 MP: 0/0
     6 | D        | Reached skill level 4 in Axes
     8 | D        | Reached ** piety under Trog
    10 | D        | Reached skill level 5 in Axes
    42 | D        | Noticed a hound
    42 | D        | Noticed a phantom
    44 | D        | Reached skill level 6 in Axes
    44 | D        | Reached XP level 2. HP: 28/28 MP: 1/1
    49 | D        | Reached *** piety under Trog
    52 | D        | Reached skill level 5 in Fighting
    52 | D        | Reached skill level 7 in Axes
    52 | D        | Reached XP level 3. HP: 37/37 MP: 2/2
    79 | D        | Killed a phantom
    79 | D        | Reached skill level 10 in Axes
    79 | D        | Reached XP level 4. HP: 17/47 MP: 3/3
   173 | D        | Found a roughly hewn altar of Beogh.
   173 | D        | Found a snail-covered altar of Cheibriados.
   173 | D        | Found a shadowy altar of Dithmenos.
   173 | D        | Found a white marble altar of Elyvilon.
   173 | D        | Found a blossoming altar of Fedhas.
   173 | D        | Found an opulent altar of Gozag.
   174 | D        | Found a hazy altar of Hepliaklqana.
   175 | D        | Found a viscous altar of Jiyva.
   176 | D        | Found an ancient bone altar of Kikubaaqudgha.
   177 | D        | Found a corrupted altar of Lugonu.
   178 | D        | Found a burning altar of Makhleb.
   179 | D        | Found a sparkling altar of Nemelex Xobeh.
   180 | D        | Found an iron altar of Okawaru.
   181 | D        | Found a stormy altar of Qazlal.
   182 | D        | Found a sacrificial altar of Ru.
   183 | D        | Found a deep blue altar of Sif Muna.
   184 | D        | Found a bloodstained altar of Trog.
   185 | D        | Found a hide-covered altar of Uskayaw.
   186 | D        | Found a radiant altar of Vehumet.
   188 | D        | Found a shimmering altar of Xom.
   189 | D        | Found a basalt altar of Yredelemnul.
   190 | D        | Found a glowing silver altar of Zin.
   191 | D        | Found a glowing golden altar of the Shining One.
   242 | D        | Noticed a sky beast
   243 | D        | Reached **** piety under Trog
   244 | D        | Killed a sky beast
   244 | D        | Reached skill level 11 in Axes
   244 | D        | Reached XP level 5. HP: 56/56 MP: 4/4
   245 | D        | Reached skill level 12 in Axes
   249 | D        | Reached XP level 6. HP: 63/63 MP: 5/5
   257 | D        | Reached ***** piety under Trog
   257 | D        | Reached skill level 10 in Fighting
   257 | D        | Reached skill level 13 in Axes
   420 | D        | Noticed a brown ugly thing
   420 | D        | Noticed a basilisk
   420 | D        | Noticed a two-headed ogre
   428 | D        | Reached skill level 14 in Axes
   431 | D        | Killed a two-headed ogre
   431 | D        | Reached skill level 16 in Axes
   431 | D        | Reached XP level 7. HP: 78/78 MP: 4/6
   431 | D        | Reached XP level 8. HP: 85/85 MP: 4/7
   438 | D        | Killed a brown ugly thing
   438 | D        | Received a gift from Trog
   438 | D        | Reached skill level 17 in Axes
   604 | D        | Noticed a spiny frog
   604 | D        | Noticed a spiny frog
   607 | D        | Noticed an elephant
   607 | D        | Killed a spiny frog
   607 | D        | Reached skill level 18 in Axes
   609 | D        | Reached XP level 9. HP: 94/94 MP: 2/8
   611 | D        | Noticed a spiny frog
   611 | D        | Killed a spiny frog
   611 | D        | Reached skill level 19 in Axes
   636 | D        | Killed an elephant
   641 | D        | Killed a spiny frog
   641 | D        | Reached ****** piety under Trog
   641 | D        | Reached skill level 15 in Fighting
   641 | D        | Reached skill level 20 in Axes
   931 | D        | Noticed a spiny frog
   931 | D        | Noticed a komodo dragon
   931 | D        | Noticed a komodo dragon
   933 | D        | Killed a komodo dragon
   933 | D        | Received a gift from Trog
   936 | D        | Killed a komodo dragon
   936 | D        | Reached XP level 10. HP: 107/107 MP: 3/9
   938 | D        | Killed a spiny frog
   938 | D        | Reached skill level 21 in Axes
   942 | D        | Noticed a seven-headed hydra
   951 | D        | Killed a ten-headed hydra
  1109 | D        | Noticed a lindwurm
  1113 | D        | Received a gift from Trog
  1121 | D        | Reached skill level 22 in Axes
  1122 | D        | Noticed a lindwurm
  1129 | D        | Killed a lindwurm
  1133 | D        | Killed a lindwurm
  1133 | D        | Reached skill level 5 in Armour
  1436 | D        | Noticed an orc sorcerer
  1444 | D        | Killed an orc sorcerer
  1445 | D        | Received a gift from Trog
  1451 | D        | Noticed an orc knight
  1464 | D        | Killed an orc knight
  1466 | D        | Reached skill level 23 in Axes
  1471 | D        | Received a gift from Trog
  1611 | D        | Reached XP level 11. HP: 92/115 MP: 10/10
  1622 | D        | Received a gift from Trog
  1908 | D        | Found Fonuts's Magic Scroll Boutique.
  1908 | D        | Noticed an orc knight
  1908 | D        | Noticed an orc sorcerer
  1908 | D        | Noticed an orc high priest
  1910 | D        | Noticed an orc high priest
  1915 | D        | Killed an orc high priest
  1917 | D        | Found Diroagg's Food Shop.
  1917 | D        | Noticed an orc sorcerer
  1919 | D        | Killed an orc sorcerer
  1919 | D        | Received a gift from Trog
  1928 | D        | Killed an orc knight
  1928 | D        | Reached skill level 24 in Axes
  1929 | D        | Noticed an orc high priest
  1933 | D        | Killed an orc high priest
  1933 | D        | Reached skill level 10 in Armour
  1934 | D        | Killed an orc sorcerer
  1935 | D        | Found Ugyn's Armour Boutique.
  1940 | D        | Killed an orc high priest
  2016 | D        | Found Zyfollod's Armour Shop.
  2021 | D        | Noticed an orc high priest
  2024 | D        | Received a gift from Trog
  2031 | D        | Killed an orc high priest
  2086 | D        | Bought the +0 pair of fencer's gloves {+Riposte Dex+3} for 400 gold pieces
  2126 | D        | Noticed Erolcha
  2131 | D        | Killed Erolcha
  2131 | D        | Reached skill level 25 in Axes
  2239 | D        | Noticed Psyche
  2245 | D        | Killed Psyche
  2245 | D        | Received a gift from Trog
  2489 | D        | Bought a +1 plate armour of poison resistance for 320 gold pieces
  2628 | D        | Noticed a cyan ugly thing
  2628 | D        | Noticed a skeletal warrior
  2632 | D        | Noticed a centaur warrior
  2634 | D        | Noticed an ettin
  2634 | D        | Killed a skeletal warrior
  2641 | D        | Killed a cyan ugly thing
  2647 | D        | Killed a centaur warrior
  2647 | D        | Reached skill level 26 in Axes
  2649 | D        | Noticed a deep troll shaman
  2651 | D        | Killed an ettin
  2651 | D        | Received a gift from Trog
  2651 | D        | Reached XP level 12. HP: 61/124 MP: 11/11
  2655 | D        | Noticed a deep troll earth mage
  2657 | D        | Received a gift from Trog
  2660 | D        | Killed a deep troll shaman
  2663 | D        | Killed a deep troll earth mage
  2671 | D        | Got a brightly glowing battleaxe {god gift}
  2672 | D        | Identified the +4 battleaxe of Trog's Hatred {venom, rF++ rN+ Dex-5} (Trog gifted it to you in the Dungeon)
  3022 | D        | Noticed a yaktaur captain
  3023 | D        | Noticed a stone giant
  3032 | D        | Killed a yaktaur captain
  3037 | D        | Killed a stone giant
  3037 | D        | Reached skill level 27 in Axes
  3318 | D        | Noticed an emperor scorpion
  3318 | D        | Noticed an entropy weaver
  3320 | D        | Reached skill level 15 in Armour
  3322 | D        | Received a gift from Trog
  3329 | D        | Killed an entropy weaver
  3346 | D        | Killed an emperor scorpion
  3348 | D        | Slain by a hornet

Skill      XL: |  1  2  3  4  5  6  7  8  9 10 11 12 |
---------------+-------------------------------------+-----
Axes           | 6 7 10 11 12 16 18 20 23 26 27 | 27.0
Fighting       | 4 5 7 8 9 12 13 15 16 | 16.4
Armour         | 7 13 17 | 17.3
Dodging        | |  2.1

Action                   |  1- 3 |  4- 6 |  7- 9 | 10-12 || total
-------------------------+-------+-------+-------+-------++-------
Melee: Hand axe          |    20 |       |       |       ||    20
       Headbutt          |     6 |     6 |    11 |    46 ||    69
       War axe           |       |    21 |     8 |       ||    29
       Battleaxe         |       |       |    38 |    13 ||    51
       Executioner's axe |       |       |       |   162 ||   162
Invok: Berserk           |     1 |     1 |     2 |     7 ||    11
       Trog's Hand       |     1 |       |       |     1 ||     2
       Brothers in Arms  |       |       |       |     1 ||     1
  Use: Scroll            |       |       |       |     4 ||     4
  Eat: Chunk             |       |       |     3 |    10 ||    13
       Meat ration       |       |       |       |     1 ||     1
Armor: Animal skin       |     5 |       |       |       ||     5
       Scale mail        |       |     2 |     8 |    14 ||    24
       Plate armour      |       |       |       |    31 ||    31
Dodge: Dodged            |    12 |     4 |    17 |    52 ||    85
       Rpst.: Executioner's axe |       |       |       |     7 ||     7
